 Dungeon Crawl Stone Soup version 0.22.0-49-gab54619 (webtiles) character file.

107 beigtais the Magician (level 4, -3/30 HPs)
             Began as a Demonspawn Wizard on Sept 6, 2018.
             Slain by a phantom (6 damage)
             ... on level 2 of the Dungeon.
             The game lasted 00:18:09 (3196 turns).

beigtais the Magician (Demonspawn Wizard)           Turns: 3196, Time: 00:18:09

Health: -3/30      AC:  2    Str:  8    XL:     4   Next: 56%
Magic:  4/10       EV: 12    Int: 20    God:
Gold:   65         SH:  0    Dex: 11    Spells: 0/11 levels left

rFire    . . .     SeeInvis .   c - +1 spear
rCold    . . .     Gourm    .   (no shield)
rNeg     . . .     Faith    .   a - +0 robe
rPois    .         Spirit   .   b - +0 hat
rElec    .         Reflect  .   (no cloak)
rCorr    .         Harm     .   (no gloves)
MR       .....                  (no boots)
Stlth    ++........             (no amulet)
HPRegen  0.10/turn              (no ring)
MPRegen  0.12/turn              (no ring)

@: no status effects
A: claws 1, horns 1
a: no special abilities


You were on level 2 of the Dungeon.
You were hungry.

You visited 1 branch of the dungeon, and saw 2 of its levels.

You collected 65 gold pieces.

Inventory:

Hand Weapons
 c - a +1 spear (weapon)
 e - a +0 short sword
 g - a +0 quarterstaff
Missiles
 f - 5 stones (quivered)
Armour
 a - a +0 robe (worn)
 b - a +0 hat (worn)
Scrolls
 h - a scroll of amnesia
 i - a scroll of teleportation
 j - a scroll of remove curse {unknown}
 k - 3 scrolls of identify
 l - a scroll of magic mapping
Comestibles
 d - 7 rations
 m - 2 chunks of flesh


   Skills:
 + Level 0.1 Polearms
 + Level 1.9 Dodging
 + Level 2.1 Stealth
 * Level 4.4 Spellcasting
 * Level 1.8 Conjurations
 + Level 1.4 Summonings
 + Level 0.8 Translocations
 + Level 0.1 Poison Magic


You couldn't memorise any spells.
You knew the following spells:

 Your Spells              Type           Power        Failure   Level  Hunger
a - Magic Dart            Conj           ##..         6%          1    None
b - Call Imp              Summ           ##......     10%         2    #......
c - Blink                 Tloc           N/A          13%         2    #......
d - Conjure Flame         Conj/Fire      #.......     26%         3    ###....
e - Mephitic Cloud        Conj/Pois/Air  #.......     28%         3    ###....

Your spell library contained the following spells:

 Spells                   Type           Power        Failure   Level  Hunger
 Confusing Touch          Hex            #.....       12%         1    None
 Slow                     Hex            #.......     19%         2    #......
 Gell's Gravitas          Tloc           #.........   26%         3    ###....
 Confuse                  Hex            #.......     36%         3    ###....
 Petrify                  Tmut/Erth      #.......     77%         4    ####...
 Metabolic Englaciation   Hex/Ice        #.........   98%         5    ######.
 Yara's Violent Unravell  Hex/Tmut       #.........   98%         5    ######.


Dungeon Overview and Level Annotations

Branches:
Dungeon (2/15)

Altars:
Dithmenos

Annotations:
D:2 Natasha


Innate Abilities, Weirdness & Mutations

You have sharp fingernails.
You have a pair of small horns on your head.


Message History

* * * LOW HITPOINT WARNING * * *
Your crimson imp hits the phantom but does no damage.
The goblin hits your crimson imp but does no damage.
The phantom hits you.
* * * LOW HITPOINT WARNING * * *
Your crimson imp hits the goblin.
Your crimson imp barely misses the goblin.
Casting: Call Imp (safe; 10% risk of failure)
Confirm with . or Enter, or press ? or * to list all spells.
Aiming: Magic Dart (safe; 6% risk of failure)
Press: ? - help, Shift-Dir - straight line, f/p - phantom
Aim: a phantom (heavily damaged)
The magic dart hits the phantom.
The phantom is heavily damaged.
The phantom blinks!
Your crimson imp barely misses the goblin.
You barely miss the phantom.
The phantom is heavily damaged.
The phantom hits you.
You die...

#.# .####
##)####.....
#...#%..#
#......#.#†...#
#.....##§##...#
#..... §§§##.#####
###### .....
§#§#.#((...#
#(....
####.§§._.§.W((..#
# #.#### .
§#§#§#.@...# .##
.. §.##...§.#...#
#§# #)..g.....#
... ###.#.5....?#
... #....)..... %.
###.......#
.........
###...##. #.##


You could see a phantom, a goblin and a friendly crimson imp.

Vanquished Creatures
  An adder (D:1)
  An ooze (D:1)
  7 bats
  4 goblins
  10 hobgoblins
  6 jackals (D:2)
  A quokka (D:2)
  8 kobolds
  3 rats
41 creatures vanquished.

Vanquished Creatures (collateral kills)
  A crimson imp (D:2)
  Terence (D:2)
  Natasha (D:2)
  A worm (D:2)
  A hobgoblin (D:2)
  2 jackals (D:1)
7 creatures vanquished.

Grand Total: 48 creatures vanquished

Notes
Turn   | Place    | Note
-------+----------+-------------------------------------------
     0 | D:1      | beigtais the Demonspawn Wizard began the quest for the Orb.
     0 | D:1      | Reached XP level 1. HP: 13/13 MP: 4/4
   714 | D:1      | Gained mutation: You have a pair of small horns on your
                  | head. [demonic ancestry]
   714 | D:1      | Reached XP level 2. HP: 19/19 MP: 0/6
  1028 | D:1      | Learned a level 2 spell: Call Imp
  1031 | D:1      | Learned a level 2 spell: Blink
  1595 | D:2      | Gained mutation: You have sharp fingernails. [demonic
                  | ancestry]
  1595 | D:2      | Reached XP level 3. HP: 24/24 MP: 1/8
  1596 | D:2      | Noticed Natasha
  1935 | D:2      | Killed Natasha
  1935 | D:2      | Reached skill level 4 in Spellcasting
  2115 | D:2      | Noticed Natasha
  2478 | D:2      | Learned a level 3 spell: Conjure Flame
  2624 | D:2      | Reached XP level 4. HP: 30/30 MP: 3/10
  2872 | D:2      | Noticed Terence
  2901 | D:2      | Killed Terence
  2991 | D:2      | Learned a level 3 spell: Mephitic Cloud
  3091 | D:2      | Found a shadowy altar of Dithmenos.
  3104 | D:2      | Noticed a phantom
  3196 | D:2      | Slain by a phantom

Skill      XL: |  1  2  3 |
---------------+----------+-----
Stealth        | 2 |  2.1
Spellcasting   | 4 |  4.4
Polearms       | |  0.1
Dodging        | |  1.9
Conjurations   | |  1.8
Summonings     | |  1.4
Translocations | |  0.8
Poison Magic   | |  0.1

Action                   |  1- 3 |  4- 6 || total
-------------------------+-------+-------++-------
Melee: Spear             |    33 |    43 ||    76
       Headbutt          |     2 |     4 ||     6
Throw: Stone             |       |     1 ||     1
 Cast: Magic Dart        |    72 |     9 ||    81
       Call Imp          |    14 |     9 ||    23
       Mephitic Cloud    |       |     1 ||     1
  Use: Scroll            |     5 |       ||     5
       Potion            |     1 |       ||     1
 Stab: Sleeping          |     1 |     1 ||     2
  Eat: Chunk             |     5 |     2 ||     7
Armor: Robe              |     7 |     6 ||    13
Dodge: Dodged            |    25 |    29 ||    54
